 Dungeon Crawl Stone Soup version 0.30-a0-250-g41c1d76940 (webtiles) character file.

Game seed: 3787817111321552786

180 iguanaiguana the Conjurer (level 5, -8/43 HPs)
             Began as an Armataur Reaver on Oct 12, 2022.
             Was an Initiate of Gozag.
             Engulfed by a cloud of flame (18 damage)
             ... on level 4 of the Dungeon.
             The game lasted 00:08:11 (2298 turns).

iguanaiguana the Conjurer (Armataur Reaver)         Turns: 2298, Time: 00:08:12

Health: -8/43      AC:  4    Str: 18    XL:     5   Next: 33%
Magic:  6/8        EV:  9    Int: 15    God:    Gozag
Gold:   247        SH:  0    Dex:  8    Spells: 5/8 levels left

rFire   . . .      SeeInvis .    q - +2 rapier (venom)
rCold   . . .      Faith    .    (no shield)
rNeg    . . .      Spirit   .    b - +0 leather armour
rPois   .          Reflect  .    (no helmet)
rElec   .          Harm     .    (no cloak)
rCorr   .          Roll     +    (no gloves)
Will    .....                    (no barding)
Stlth   +.........               d - amulet of regeneration
HPRegen 1.07/turn                (no ring)
MPRegen 0.11/turn                (no ring)

@: lethally poisoned (-8 -> -10), gold aura, immotile
A: large, rugged brown scales 3, deformed body, armoured tail, roll, long
tongue, awkward tongue
a: Renounce Religion, Potion Petition, Call Merchant, Bribe Branch


You were on level 4 of the Dungeon.
You worshipped Gozag.
Gozag was aware of your devotion.
You visited 1 branch of the dungeon, and saw 4 of its levels.

You collected 289 gold pieces.
You paid 42 gold pieces to Gozag.

Inventory:

Hand Weapons
 a - a +0 mace
 c - a +0 lajatang
 q - a +2 rapier of venom (weapon)
Missiles
 r - 6 poisoned darts
 u - 6 atropa-tipped darts
Armour
 b - a +0 leather armour (worn)
Jewellery
 d - an amulet of regeneration (around neck)
 l - a ring of fire
Wands
 f - a wand of digging (1) {@v3}
Scrolls
 e - a scroll of blinking {unknown}
 i - a scroll of fog
 j - a scroll of vulnerability
 k - 2 scrolls of immolation
 m - a scroll of fear {unknown}
 p - 3 scrolls of teleportation {unknown}
 s - a scroll of enchant weapon {unknown}
 v - a scroll of brand weapon {unknown}
Potions
 g - 2 potions of might {@q3}
 h - a potion of attraction
 n - a potion of degeneration
 o - a potion of curing {@q1}
 t - a potion of lignification {unknown}


   Skills:
 - Level 1.7 Fighting
 - Level 2.6 Maces & Flails
 - Level 1.3 Dodging
 - Level 2.0 Spellcasting
 + Level 3.6 Conjurations
 - Level 2.0 Necromancy
 * Level 3.0 Translocations
 - Level 0.8 Transmutations


You had 5 spell levels left.
You knew the following spells:

 Your Spells              Type           Power      Damage    Failure   Level
a - Kiss of Death         Conj/Necr      36%        2d8       9%          1
b - Momentum Strike       Conj/Tloc      22%        3d8       11%         2

Your spell library contained the following spells:

 Spells                   Type           Power      Damage    Failure   Level
 Beastly Appendage        Tmut           8%         N/A       19%         1
 Static Discharge         Conj/Air       12%        2-3/arc   19%         2
 Wereblood                Tmut           4%         N/A       28%         2
 Hailstorm                Conj/Ice       6%         3d4       36%         3
 Vhi's Electric Charge    Tloc/Air       12%        N/A       38%         3
 Spider Form              Tmut/Pois      2%         N/A       54%         3
 Arcjolt                  Conj/Air       3%         1d13      98%         5
 Lightning Bolt           Conj/Air       3%         1d14      98%         5


Dungeon Overview and Level Annotations

Branches:
Dungeon (4/15) Zot: 21677
 Temple: D:4-7

Altars:
Gozag
Trog
Xom
Zin
The Shining One

Annotations:
D:2 exclusion: downstairs


Innate Abilities, Weirdness & Mutations

You are completely covered in rugged brown scales. (AC +3, +7% HP)
Armour fits poorly on your strangely shaped body.
You have a long armoured tail.
You roll when moving toward enemies. (Rampage)
Your long tongue fully drains potion bottles. (2x potion effects)
Your tongue gives you trouble enunciating. (1.5x scroll delay)


Message History

The goblin unwields a +0 sling.
The goblin wields a +0 dagger.
You hit the goblin.
The goblin is poisoned.
The goblin is severely wounded.
You kill the goblin!
No target in view!
HP restored.
You now have 229 gold pieces (gained 7). a +0 dagger; a +0 sling
p - 3 scrolls labelled EPPOLE BUGA (gained 1)
k - 3 scrolls labelled ETAOTS SOROA (gained 1)
w - a scroll of identify {@r1} You now have 247 gold pieces (gained 18).
r - 6 poisoned darts (gained 4)
An adder comes into view.
The adder hisses angrily.
As you read the scroll of identify {@r1}, it crumbles to dust.
h - a potion of attraction
As you read the scroll labelled ETAOTS SOROA, it crumbles to dust.
The creatures around you are filled with an inner flame!
It was a scroll of immolation.
The adder bites you.
You are poisoned.
The adder poisons you!
Okay, then.
Casting: Kiss of Death (safe; 9% risk of failure)
Confirm with . or Enter, or press ? or * to list all spells.
Okay, then.
Casting: Kiss of Death (safe; 9% risk of failure)
Confirm with . or Enter, or press ? or * to list all spells.
Aiming: Momentum Strike (safe; 11% risk of failure)
Press: ? - help, Dir - move target, f - adder
Aim: an adder (inner flame, 48% to hit)
The concentrated momentum hits the adder!!
You are unable to move.
The adder explodes!
The fiery explosion engulfs you!!
Ouch! That really hurt!
* * * LOW HITPOINT WARNING * * *
You are engulfed in blazing flames.
You die...
Your body crumbles into a pile of gold.

..).# ....##### ##.
....#...### #...
...##..... ...
...##...# ..
....#...## .#
.........### ##.#
....#....$.#####..#
...##.<.##.....§@##
...##.#######..§§§#
##..#.# #.###§#
.#.... #..# .# .
..## ...## .# ##.#.
##.. .# #/ ##> ..
## ##


There were no monsters in sight!

Vanquished Creatures
  A hound (D:3)
  An orc priest (D:3)
  Natasha (D:3)
  2 adders
  2 worms (D:2)
  3 dart slugs
  4 orcs
  3 endoplasms
  3 giant cockroaches (D:2)
  6 goblins
  9 hobgoblins
  9 kobolds
  A quokka (D:1)
  12 ball pythons
  6 bats
  A rat (D:3)
64 creatures vanquished.

Vanquished Creatures (others)
  An adder (D:4)
1 creature vanquished.

Grand Total: 65 creatures vanquished

Notes
Turn   | Place    | Note
-------+----------+-------------------------------------------
     0 | D:1      | iguanaiguana the Armataur Reaver began the quest for the
                  | Orb.
     0 | D:1      | Reached XP level 1. HP: 18/18 MP: 3/3
   139 | D:1      | Reached skill level 1 in Necromancy
   184 | D:1      | Reached XP level 2. HP: 22/25 MP: 4/4
   556 | D:1      | Learned a level 2 spell: Momentum Strike
   827 | D:2      | Reached XP level 3. HP: 29/30 MP: 5/5
  1486 | D:3      | Reached skill level 1 in Translocations
  1587 | D:3      | Found a glowing golden altar of the Shining One.
  1600 | D:3      | Found a bloodstained altar of Trog.
  1609 | D:3      | Became a worshipper of the Shining One
  1636 | D:3      | Found an opulent altar of Gozag.
  1641 | D:3      | Fell from the grace of the Shining One
  1641 | D:3      | Became a worshipper of Gozag Ym Sagoz the Greedy
  1644 | D:3      | Reached XP level 4. HP: 38/38 MP: 7/7
  1876 | D:3      | Found a shimmering altar of Xom.
  1995 | D:3      | Noticed Natasha
  2001 | D:3      | Killed Natasha
  2002 | D:3      | Reached XP level 5. HP: 27/43 MP: 8/8
  2156 | D:3      | Found a glowing silver altar of Zin.
  2298 | D:4      | Engulfed by a cloud of flame

Illustrated notes

Levels and vault maps discovered:
D:1:      minmay_arrival_hallway, layout_basic, minmay_misc_feat_pillars
D:2:      layout_basic
D:3:      layout_rooms, lemuel_round_altar,
          pdpol_temple_overflow_zin_treasury_gozag_greed, amcnicky_altar_gilded,
          lemuel_round_altar, uniq_natasha
D:4:      layout_rooms, temple_hall

Skill      XL: |  1  2  3  4  5 |
---------------+----------------+-----
Necromancy     | 1 2 |  2.0
Spellcasting   | 2 |  2.0
Conjurations   | 3 |  3.6
Translocations | 1 2 3 |  3.0
Fighting       | |  1.7
Maces & Flails | |  2.6
Dodging        | |  1.3
Transmutations | |  0.8

Action                   |  1- 3 |  4- 6 || total
-------------------------+-------+-------++-------
Melee: Mace              |    21 |       ||    21
       Tailslap          |    16 |     8 ||    24
       Short sword       |    79 |       ||    79
       Rapier            |    15 |    64 ||    79
       Punch             |     1 |       ||     1
Throw: Dart              |       |     1 ||     1
 Cast: Kiss of Death     |     1 |       ||     1
       Momentum Strike   |       |     1 ||     1
  Use: Scroll            |     5 |     2 ||     7
Armor: Leather armour    |    29 |    19 ||    48
Dodge: Dodged            |    49 |    33 ||    82

Table legend: (Time is in decaauts)
 A = Elapsed time spent in this place.
 B = Non-inter-level travel time spent in this place.
 C = Inter-level travel time spent in this place.
 D = Time resting spent in this place.
 E = Time spent auto-exploring this place.
 F = Levels seen in this place.
 G = Mean time per level.
                   A        B        C        D        E       F      G
               +--------+--------+--------+--------+--------+-----+--------+
         Total |   2322 |   2211 |    111 |     45 |   1558 |   4 |  580.5 |
       Dungeon |   2322 |   2211 |    111 |     45 |   1558 |   4 |  580.5 |
               +--------+--------+--------+--------+--------+-----+--------+

Top non-repeatable levels by time:
     D:1: 807 daAuts
     D:2: 747 daAuts
     D:3: 726 daAuts
     D:4: 41 daAuts
